Jets vs Rangers
Created - December 30, 2019 at 19:00
Goals
|
| Jets |
1 |
2 |
1 |
4 |
| Rangers |
1 |
4 |
0 |
5 |
|
Shots
|
| Jets |
10 |
13 |
8 |
31 |
| Rangers |
12 |
15 |
7 |
34 |
|
1st period
1. Jets , Reilly Smith 7 (Derek Roy 9, Tyler Myers 19) at 10:53
2. Rangers , James Neal 12 (Sean Couturier 14, Patrice Bergeron 15) at 12:53
Penalties :
No Penalty
2nd period
3. Jets , Derek Roy 4 (Reilly Smith 7, Jason Akeson 4) at 3:14
4. Rangers , Maxime Sauvé 3 (Matt Greene 5, Matt Read 8) at 12:37
5. Rangers , Jakob Silfverberg 17 (Cam Barker 15, Milan Lucic 26) at 12:57
6. Rangers , Milan Lucic 18 (Jakob Silfverberg 15, Patrice Bergeron 16) at 14:20 (PP)
7. Jets , Erik Haula 5 (Tyler Johnson 17, Nino Niederreiter 13) at 17:19
8. Rangers , Jakob Silfverberg 18 (Luke Schenn 17) at 17:47 (PP)
Penalties :
Matt Read (NYR) for Hooking (Minor) at 6:39, Derek Stepan (Win) for Cross-checking (Minor) at 13:14, Evgeny Dadonov (Win) for Hooking (Minor) at 17:33
3rd period
9. Jets , Marcus Johansson 17 (Jacob Trouba 6, Evgeny Dadonov 13) at 6:43
Penalties :
Milan Lucic (NYR) for High sticking (Minor) at 6:51, Luke Schenn (NYR) for Slashing (Minor) at 12:59
Goalie Stats
Kari Lehtonen (Win), 29 saves from 34 shots - (0.853), L, 6-5-0, 58:55 minutes
Frederik Andersen (NYR), 27 saves from 31 shots - (0.871), W, 13-8-2, 60:00 minutes
Players Stats for Jets
Player Name G A P +/- PIM S H SB GA TA FO MP PP MP PK MP
------------------------------------------------------------------------------------
Brenden Morrow 0 0 0 2 0 1 1 0 0 1 0/0 12:30 0:01 0:00
Derek Roy 1 1 2 2 0 4 2 0 0 0 3/7 12:38 0:00 0:00
Derek Stepan 0 0 0 0 2 3 3 1 0 1 12/28 20:50 3:13 0:00
Eric Gelinas 0 0 0 1 0 0 1 2 2 1 0/0 22:17 2:48 0:16
Erik Haula 1 0 1 0 0 3 2 0 0 0 0/0 17:25 2:43 1:20
Evgeny Dadonov 0 1 1 0 2 2 3 0 0 0 1/2 19:57 2:43 0:00
Jacob Trouba 0 1 1 2 0 1 0 0 0 1 0/0 14:52 0:27 1:04
Jared Spurgeon 0 0 0 1 0 0 0 0 0 0 0/0 15:12 0:00 0:00
Jason Akeson 0 1 1 -1 0 1 1 1 0 1 0/0 9:03 0:00 0:00
Marco Scandella 0 0 0 -1 0 2 2 0 0 1 0/0 26:40 2:42 0:16
Marcus Johansson 1 0 1 0 0 3 1 0 0 0 0/1 19:43 3:13 0:00
Nino Niederreiter 0 1 1 0 0 2 2 0 1 0 1/1 16:39 3:11 0:00
Noel Acciari 0 0 0 -1 0 0 1 0 0 0 1/3 10:52 0:01 0:00
Oscar Klefbom 0 0 0 1 0 1 1 0 0 0 0/0 16:26 2:48 0:00
Reilly Smith 1 1 2 2 0 2 0 0 0 0 0/0 12:33 0:03 0:00
Ronalds Kenins 0 0 0 -1 0 1 3 0 0 0 0/0 9:03 0:00 0:00
Tyler Johnson 0 1 1 0 0 3 1 0 0 0 10/19 17:25 2:43 1:20
Tyler Myers 0 1 1 -2 0 2 2 0 2 1 0/0 24:33 3:09 1:04
Players Stats for Rangers
Player Name G A P +/- PIM S H SB GA TA FO MP PP MP PK MP
------------------------------------------------------------------------------------
Cam Barker 0 1 1 -1 0 0 2 2 0 0 0/0 27:40 0:14 2:57
Chris Bourque 0 0 0 0 0 1 2 0 1 0 0/0 14:12 0:14 1:45
Colten Teubert 0 0 0 -1 0 0 2 1 0 1 0/0 15:11 0:00 2:52
Gustav Nyquist 0 0 0 0 0 0 2 0 0 0 0/0 8:28 0:00 0:00
Jakob Silfverberg 2 1 3 0 0 4 2 1 1 0 1/3 19:30 0:59 0:00
James Neal 1 0 1 -1 0 5 3 0 0 0 0/0 14:21 0:21 0:16
Kyle Okposo 0 0 0 -1 0 3 4 0 0 1 0/0 15:15 0:21 0:00
Luke Schenn 0 1 1 -1 2 5 0 2 0 0 0/0 27:06 1:06 1:14
Magnus Paajarvi-Svensson 0 0 0 0 0 1 1 1 1 0 0/0 9:15 0:00 0:47
Mark Fistric 0 0 0 1 0 1 2 0 0 1 0/0 19:01 0:00 3:50
Matt Greene 0 1 1 1 0 1 2 2 1 0 0/0 16:36 0:00 0:52
Matt Read 0 1 1 0 2 2 1 1 1 0 2/3 12:38 0:00 0:38
Maxime Sauvé 1 0 1 0 0 1 1 0 0 0 3/4 9:36 0:00 1:08
Milan Lucic 1 1 2 0 2 6 0 0 1 0 1/1 21:19 0:59 2:01
Patrice Bergeron 0 2 2 0 0 3 1 0 0 2 18/35 22:14 0:59 2:57
Patrik Nemeth 0 0 0 -1 0 0 0 1 1 0 0/0 13:17 0:00 0:09
Sean Couturier 0 1 1 -1 0 1 0 0 0 0 8/14 16:03 0:21 1:53
Tomas Hertl 0 0 0 0 0 0 0 0 0 0 0/1 12:18 1:06 0:29
3 Stars
1 - Jakob Silfverberg (NYR)
2 - Derek Roy (Win)
3 - Reilly Smith (Win)
Power Play
Jets - 0 on 3 Attempt(s) - 0.00%
Rangers - 2 on 2 Attempt(s) - 100.00%
Penalty Kill
Jets - 0 on 2 Attempt(s) - 0.00%
- Score 0 goal in Penalty Kill
Rangers - 3 on 3 Attempt(s) - 100.00%
- Score 0 goal in Penalty Kill
Team Stat
Jets - Hits : 26 - Faceoff Wins : 28 - Blocked Shots : 4 - Penalty Minutes : 4
Rangers - Hits : 25 - Faceoff Wins : 33 - Blocked Shots : 11 - Penalty Minutes : 6
Official
Referees : Unknown
Linesman : Unknown
Game Notes
No Game Note
Finance
Level 1 -- Attendance: 5878 (97.97%) -- Ticket Income $558,410
Level 2 -- Attendance: 5000 (100.00%) -- Ticket Income $300,000
Level 3 -- Attendance: 1883 (94.15%) -- Ticket Income $65,905
Level 4 -- Attendance: 4000 (100.00%) -- Ticket Income $100,000
Luxury Box -- Attendance: 967 (96.70%) -- Ticket Income $174,060
Game was played at the Madison Square Garden.
Total Attendance: 17728 (98.49%)
Total Ticket Income: $1,198,375
Other Income: $179,756
Total Income: $1,378,131
Jets
5 vs 5 Forward
Center Left Wing Right Wing Time % Phy DF OF
1 Derek Stepan Marcus Johansson Evgeny Dadonov 36 0 1 4
2 Tyler Johnson Erik Haula Nino Niederreiter 29 0 1 4
3 Derek Roy Brenden Morrow Reilly Smith 25 0 1 4
4 Noel Acciari Ronalds Kenins Jason Akeson 10 2 2 1
5 vs 5 Defense
Defense Defense Time % Phy DF OF
1 Marco Scandella Tyler Myers 37 1 2 2
2 Eric Gelinas Jared Spurgeon 29 1 2 2
3 Oscar Klefbom Jacob Trouba 24 1 2 2
4 Marco Scandella Eric Gelinas 10 1 2 2
PowerPlay Forward
Center Left Wing Right Wing Time % Phy DF OF
1 Derek Stepan Marcus Johansson Nino Niederreiter 60 0 0 5
2 Tyler Johnson Erik Haula Evgeny Dadonov 40 0 0 5
PowerPlay Defense
Defense Defense Time % Phy DF OF
1 Tyler Myers Marco Scandella 60 0 1 4
2 Eric Gelinas Oscar Klefbom 40 0 1 4
Penalty Kill 4 Players Forward
Center Wing Time % Phy DF OF
1 Tyler Johnson Erik Haula 60 0 4 1
2 Noel Acciari Nino Niederreiter 40 0 4 1
Penalty Kill 4 Players Defense
Defense Defense Time % Phy DF OF
1 Tyler Myers Jacob Trouba 60 1 3 1
2 Eric Gelinas Marco Scandella 40 1 3 1
Penalty Kill - 3 Players Forward
Forward Time % Phy DF OF
1 Tyler Johnson 60 0 4 1
2 Erik Haula 40 0 4 1
Penalty Kill - 3 Players Defense
Defense Defense Time % Phy DF OF
1 Tyler Myers Marco Scandella 60 0 5 0
2 Jacob Trouba Eric Gelinas 40 0 5 0
4 vs 4 Forward
Center Wing Time % Phy DF OF
1 Derek Stepan Marcus Johansson 60 1 2 2
2 Tyler Johnson Evgeny Dadonov 40 1 2 2
4 vs 4 Defense
Defense Defense Time % Phy DF OF
1 Marco Scandella Eric Gelinas 60 1 2 2
2 Tyler Myers Oscar Klefbom 40 1 2 2
Last Minutes Offensive
Center Left Wing Right Wing Defense Defense
Tyler Johnson Derek Stepan Evgeny Dadonov Tyler Myers Marco Scandella
Last Minutes Defensive
Center Left Wing Right Wing Defense Defense
Tyler Johnson Erik Haula Nino Niederreiter Tyler Myers Marco Scandella
Goaltenders
Starting : Kari Lehtonen
Backup : Jonathan Bernier
Extra Forwards
Normal : Tyler Johnson, Derek Stepan, Derek Roy - PP : Tyler Johnson, Erik Haula - PK : Tyler Johnson
Extra Defensemen
Normal : Tyler Myers, Marco Scandella, Eric Gelinas - PP : Jacob Trouba - PK : Marco Scandella, Tyler Myers
Penalty Shots
Tyler Johnson, Marcus Johansson, Evgeny Dadonov, Erik Haula, Noel Acciari
Scratches
None
Rangers
5 vs 5 Forward
Center Left Wing Right Wing Time % Phy DF OF
1 Patrice Bergeron Milan Lucic Jakob Silfverberg 40 1 2 2
2 Sean Couturier James Neal Kyle Okposo 30 1 2 2
3 Tomas Hertl Chris Bourque Matt Read 20 1 2 2
4 Maxime Sauvé Magnus Paajarvi-Svensson Gustav Nyquist 10 1 2 2
5 vs 5 Defense
Defense Defense Time % Phy DF OF
1 Luke Schenn Cam Barker 40 1 2 2
2 Mark Fistric Matt Greene 30 1 2 2
3 Colten Teubert Patrik Nemeth 20 1 2 2
4 Luke Schenn Cam Barker 10 1 2 2
PowerPlay Forward
Center Left Wing Right Wing Time % Phy DF OF
1 Patrice Bergeron Milan Lucic Jakob Silfverberg 60 1 2 2
2 Sean Couturier James Neal Kyle Okposo 40 1 2 2
PowerPlay Defense
Defense Defense Time % Phy DF OF
1 Luke Schenn Tomas Hertl 60 1 2 2
2 Cam Barker Chris Bourque 40 1 2 2
Penalty Kill 4 Players Forward
Center Wing Time % Phy DF OF
1 Patrice Bergeron Milan Lucic 60 1 2 2
2 Matt Read Maxime Sauvé 40 1 2 2
Penalty Kill 4 Players Defense
Defense Defense Time % Phy DF OF
1 Cam Barker Mark Fistric 60 1 2 2
2 Luke Schenn Colten Teubert 40 1 2 2
Penalty Kill - 3 Players Forward
Forward Time % Phy DF OF
1 Patrice Bergeron 60 1 2 2
2 Maxime Sauvé 40 1 2 2
Penalty Kill - 3 Players Defense
Defense Defense Time % Phy DF OF
1 Cam Barker Mark Fistric 60 1 2 2
2 Luke Schenn Colten Teubert 40 1 2 2
4 vs 4 Forward
Center Wing Time % Phy DF OF
1 Tomas Hertl Gustav Nyquist 60 1 2 2
2 Sean Couturier Milan Lucic 40 1 2 2
4 vs 4 Defense
Defense Defense Time % Phy DF OF
1 Mark Fistric Colten Teubert 60 1 2 2
2 Matt Greene Patrik Nemeth 40 1 2 2
Last Minutes Offensive
Center Left Wing Right Wing Defense Defense
Sean Couturier Milan Lucic Jakob Silfverberg Luke Schenn James Neal
Last Minutes Defensive
Center Left Wing Right Wing Defense Defense
Matt Read Jakob Silfverberg Kyle Okposo Cam Barker Mark Fistric
Goaltenders
Starting : Frederik Andersen
Backup : Mike Condon
Extra Forwards
Normal : Milan Lucic, Jakob Silfverberg, Kyle Okposo - PP : Milan Lucic, Jakob Silfverberg - PK : Milan Lucic
Extra Defensemen
Normal : Mark Fistric, Cam Barker, Luke Schenn - PP : Mark Fistric - PK : Cam Barker, Mark Fistric
Penalty Shots
Milan Lucic, Jakob Silfverberg, Patrice Bergeron, Sean Couturier, Matt Read
Scratches
Alexei Emelin (Healthy)
% Time on Ice - Jets
Lines # - Real PCT - Wanted PCT - Time Play
Normal Forward
1 - 31% - 36% - 16:01
2 - 28% - 29% - 14:27
3 - 23% - 25% - 11:57
4 - 18% - 10% - 9:03
Normal Defense
1 - 38% - 37% - 19:35
2 - 30% - 29% - 15:14
3 - 25% - 24% - 12:49
4 - 7% - 10% - 3:50
PP Forward
1 - 54% - 60% - 3:14
2 - 46% - 40% - 2:43
PP Defense
1 - 53% - 60% - 3:09
2 - 47% - 40% - 2:48
PK Forward
1 - 100% - 60% - 1:20
2 - 0% - 40% - 0:00
PK Defense
1 - 80% - 60% - 1:04
2 - 20% - 40% - 0:16
PK3 Forward
1 - 0% - 60%
2 - 0% - 40%
PK3 Defense
1 - 0% - 60%
2 - 0% - 40%
44 Forward
1 - 0% - 60%
2 - 0% - 40%
44 Defense
1 - 0% - 60%
2 - 0% - 40%
Last Minute Offensive - 1:15
Last Minute Defensive - 0:00
Total
Forward - 60:00
Defense - 60:00
|
% Time on Ice - Rangers
Lines # - Real PCT - Wanted PCT - Time Play
Normal Forward
1 - 36% - 40% - 18:40
2 - 27% - 30% - 13:42
3 - 21% - 20% - 10:41
4 - 16% - 10% - 8:28
Normal Defense
1 - 38% - 40% - 19:20
2 - 30% - 30% - 15:29
3 - 25% - 20% - 13:08
4 - 7% - 10% - 3:34
PP Forward
1 - 74% - 60% - 0:59
2 - 26% - 40% - 0:21
PP Defense
1 - 83% - 60% - 1:06
2 - 18% - 40% - 0:14
PK Forward
1 - 81% - 60% - 4:49
2 - 19% - 40% - 1:08
PK Defense
1 - 49% - 60% - 2:55
2 - 51% - 40% - 3:02
PK3 Forward
1 - 0% - 60%
2 - 0% - 40%
PK3 Defense
1 - 0% - 60%
2 - 0% - 40%
44 Forward
1 - 0% - 60%
2 - 0% - 40%
44 Defense
1 - 0% - 60%
2 - 0% - 40%
Last Minute Offensive - 0:00
Last Minute Defensive - 1:12
Total
Forward - 60:00
Defense - 60:00
|
Play-by-Play
1st period
0:01 of 1st period - Derek Stepan wins face-off versus Patrice Bergeron in neutral zone.
0:04 of 1st period - Slapshot by Marco Scandella.
0:04 of 1st period - Deflect By Milan Lucic.
0:04 of 1st period - Stopped by Frederik Andersen without a rebound.
0:05 of 1st period - Derek Stepan wins face-off versus Patrice Bergeron in Rangers zone.
1:42 of 1st period - Snap shot by Jakob Silfverberg.
1:42 of 1st period - Shot Misses the Net.
1:44 of 1st period - Wrist shot by Patrice Bergeron.
1:44 of 1st period - Shot Misses the Net.
1:46 of 1st period - Slapshot by Mark Fistric.
1:46 of 1st period - Shot Hit the Post.
1:48 of 1st period - Snap shot by Patrice Bergeron.
1:48 of 1st period - Shot Blocked by Jason Akeson.
2:22 of 1st period - James Neal is hit by Nino Niederreiter and loses puck.
2:27 of 1st period - Backhand shot by Erik Haula.
2:27 of 1st period - Stopped by Frederik Andersen with a rebound.
2:37 of 1st period - Kyle Okposo is hit by Marco Scandella and loses puck.
3:10 of 1st period - Matt Greene is hit by Jason Akeson and loses puck.
3:19 of 1st period - Marco Scandella is hit by Maxime Sauvé and loses puck.
3:30 of 1st period - Snap shot by Reilly Smith.
3:30 of 1st period - Shot Misses the Net.
3:34 of 1st period - Snap shot by Derek Roy.
3:34 of 1st period - Stopped by Frederik Andersen without a rebound.
3:35 of 1st period - Derek Roy wins face-off versus Patrice Bergeron in Rangers zone.
3:38 of 1st period - Snap shot by Brenden Morrow.
3:38 of 1st period - Shot Misses the Net.
4:24 of 1st period - Slapshot by Tomas Hertl.
4:24 of 1st period - Deflect By Chris Bourque.
4:24 of 1st period - Shot Misses the Net.
4:24 of 1st period - Puck is out of play.
4:25 of 1st period - Patrice Bergeron wins face-off versus Derek Stepan in Jets zone.
4:51 of 1st period - Marcus Johansson is hit by Chris Bourque and loses puck.
5:16 of 1st period - Erik Haula is hit by James Neal and loses puck.
5:21 of 1st period - Snap shot by James Neal.
5:21 of 1st period - Shot Misses the Net.
5:23 of 1st period - Snap shot by Sean Couturier.
5:23 of 1st period - Shot Misses the Net.
5:35 of 1st period - Snap shot by Derek Roy.
5:35 of 1st period - Stopped by Frederik Andersen with a rebound.
5:41 of 1st period - Reilly Smith is hit by Gustav Nyquist.
6:27 of 1st period - Slapshot by Sean Couturier.
6:27 of 1st period - Shot Misses the Net.
6:41 of 1st period - Snap shot by Derek Roy.
6:41 of 1st period - Shot Misses the Net.
7:22 of 1st period - Snap shot by Jason Akeson.
7:22 of 1st period - Stopped by Frederik Andersen without a rebound.
7:23 of 1st period - Maxime Sauvé wins face-off versus Noel Acciari in Rangers zone.
8:18 of 1st period - Snap shot by Ronalds Kenins.
8:18 of 1st period - Shot Misses the Net.
8:26 of 1st period - Snap shot by Ronalds Kenins.
8:26 of 1st period - Deflect By Mark Fistric.
8:26 of 1st period - Shot Misses the Net.
8:26 of 1st period - Puck is out of play.
8:27 of 1st period - Patrice Bergeron wins face-off versus Derek Stepan in Rangers zone.
8:44 of 1st period - Jakob Silfverberg is hit by Evgeny Dadonov and loses puck.
8:56 of 1st period - Off-side.
8:57 of 1st period - Tyler Johnson wins face-off versus Sean Couturier in neutral zone.
9:34 of 1st period - Wrist shot by Derek Stepan.
9:34 of 1st period - Shot Blocked by Jakob Silfverberg.
9:54 of 1st period - Snap shot by Derek Roy.
9:54 of 1st period - Shot Misses the Net.
10:04 of 1st period - Tomas Hertl is hit by Ronalds Kenins and loses puck.
10:47 of 1st period - Snap shot by Derek Roy.
10:47 of 1st period - Shot Misses the Net.
10:53 of 1st period - Snap shot by Reilly Smith.
10:53 of 1st period - Goal by Reilly Smith - Jets : 1 - Rangers : 0.
10:54 of 1st period - Patrice Bergeron wins face-off versus Derek Stepan in neutral zone.
11:25 of 1st period - Marco Scandella is hit by Kyle Okposo.
11:53 of 1st period - Wrist shot by Brenden Morrow.
11:53 of 1st period - Shot Blocked by Patrik Nemeth.
12:09 of 1st period - Noel Acciari is hit by Magnus Paajarvi-Svensson.
12:53 of 1st period - Snap shot by James Neal.
12:53 of 1st period - Goal by James Neal - Jets : 1 - Rangers : 1.
12:54 of 1st period - Derek Stepan wins face-off versus Patrice Bergeron in neutral zone.
13:08 of 1st period - Wrist shot by Milan Lucic.
13:08 of 1st period - Stopped by Kari Lehtonen with a rebound.
13:10 of 1st period - Slapshot by Patrice Bergeron.
13:10 of 1st period - Stopped by Kari Lehtonen with a rebound.
13:22 of 1st period - Backhand shot by Derek Roy.
13:22 of 1st period - Shot Misses the Net.
13:28 of 1st period - Wrist shot by Derek Roy.
13:28 of 1st period - Shot Misses the Net.
13:30 of 1st period - Snap shot by Derek Roy.
13:30 of 1st period - Shot Blocked by Cam Barker.
13:32 of 1st period - Slapshot by Tyler Myers.
13:32 of 1st period - Stopped by Frederik Andersen with a rebound.
13:42 of 1st period - Snap shot by Sean Couturier.
13:42 of 1st period - Shot Misses the Net.
13:44 of 1st period - Slapshot by Luke Schenn.
13:44 of 1st period - Stopped by Kari Lehtonen without a rebound.
13:45 of 1st period - Tyler Johnson wins face-off versus Matt Read in Jets zone.
13:45 of 1st period - Tyler Johnson is hit by Mark Fistric.
13:52 of 1st period - Off-side.
13:53 of 1st period - Patrice Bergeron wins face-off versus Derek Stepan in neutral zone.
13:56 of 1st period - Snap shot by Jakob Silfverberg.
13:56 of 1st period - Shot Misses the Net.
13:58 of 1st period - Snap shot by Patrice Bergeron.
13:58 of 1st period - Stopped by Kari Lehtonen without a rebound.
13:59 of 1st period - Patrice Bergeron wins face-off versus Derek Stepan in Jets zone.
14:00 of 1st period - Wrist shot by Milan Lucic.
14:00 of 1st period - Shot Misses the Net.
14:02 of 1st period - Slapshot by Luke Schenn.
14:02 of 1st period - Deflect By Milan Lucic.
14:02 of 1st period - Deflect By Jared Spurgeon.
14:02 of 1st period - Stopped by Kari Lehtonen without a rebound.
14:03 of 1st period - Derek Stepan wins face-off versus Patrice Bergeron in Jets zone.
14:34 of 1st period - Luke Schenn is hit by Eric Gelinas and loses puck.
15:04 of 1st period - Wrist shot by Milan Lucic.
15:04 of 1st period - Deflect By Patrice Bergeron.
15:04 of 1st period - Stopped by Kari Lehtonen without a rebound.
15:05 of 1st period - Tyler Johnson wins face-off versus Sean Couturier in Jets zone.
15:32 of 1st period - Derek Roy is hit by Matt Greene.
16:45 of 1st period - Icing by Colten Teubert.
16:46 of 1st period - Maxime Sauvé wins face-off versus Derek Stepan in Rangers zone.
16:53 of 1st period - Slapshot by Milan Lucic.
16:53 of 1st period - Stopped by Kari Lehtonen without a rebound.
16:54 of 1st period - Patrice Bergeron wins face-off versus Tyler Johnson in Jets zone.
17:20 of 1st period - Derek Roy is hit by Cam Barker and loses puck.
17:31 of 1st period - Backhand shot by Sean Couturier.
17:31 of 1st period - Shot Misses the Net.
17:51 of 1st period - Snap shot by Marcus Johansson.
17:51 of 1st period - Stopped by Frederik Andersen with a rebound.
18:03 of 1st period - Snap shot by Magnus Paajarvi-Svensson.
18:03 of 1st period - Stopped by Kari Lehtonen without a rebound.
18:04 of 1st period - Noel Acciari wins face-off versus Maxime Sauvé in Jets zone.
18:56 of 1st period - Snap shot by Tyler Johnson.
18:56 of 1st period - Shot Misses the Net.
18:58 of 1st period - Snap shot by Marco Scandella.
18:58 of 1st period - Deflect By Nino Niederreiter.
18:58 of 1st period - Stopped by Frederik Andersen without a rebound.
18:59 of 1st period - Patrice Bergeron wins face-off versus Derek Stepan in Rangers zone.
19:08 of 1st period - Slapshot by Derek Stepan.
19:08 of 1st period - Deflect By Marcus Johansson.
19:08 of 1st period - Shot Misses the Net.
19:08 of 1st period - Puck is out of play.
19:09 of 1st period - Patrice Bergeron wins face-off versus Derek Stepan in Rangers zone.
19:36 of 1st period - Wrist shot by Derek Stepan.
19:36 of 1st period - Shot Blocked by Luke Schenn.
19:40 of 1st period - Wrist shot by Derek Stepan.
19:40 of 1st period - Stopped by Frederik Andersen without a rebound.
19:41 of 1st period - Sean Couturier wins face-off versus Tyler Johnson in Rangers zone.
19:48 of 1st period - Snap shot by Sean Couturier.
19:48 of 1st period - Shot Misses the Net.
19:50 of 1st period - Slapshot by Matt Greene.
19:50 of 1st period - Deflect By Jacob Trouba.
19:50 of 1st period - Stopped by Kari Lehtonen without a rebound.
19:51 of 1st period - Sean Couturier wins face-off versus Tyler Johnson in Jets zone.
19:54 of 1st period - Snap shot by Kyle Okposo.
19:54 of 1st period - Stopped by Kari Lehtonen with a rebound.
19:56 of 1st period - Snap shot by Matt Greene.
19:56 of 1st period - Shot Misses the Net.
19:58 of 1st period - Backhand shot by James Neal.
19:58 of 1st period - Stopped by Kari Lehtonen without a rebound.
19:59 of 1st period - Patrice Bergeron wins face-off versus Tyler Johnson in Jets zone.
Goals for this period are 1 for Jets vs 1 for Rangers.
Shots for this period are 10 for Jets vs 12 for Rangers.
2nd period
0:01 of 2nd period - Patrice Bergeron wins face-off versus Tyler Johnson in neutral zone.
0:31 of 2nd period - Wrist shot by James Neal.
0:31 of 2nd period - Stopped by Kari Lehtonen without a rebound.
0:32 of 2nd period - Sean Couturier wins face-off versus Derek Roy in Jets zone.
0:35 of 2nd period - Wrist shot by James Neal.
0:35 of 2nd period - Stopped by Kari Lehtonen without a rebound.
0:36 of 2nd period - Derek Roy wins face-off versus Sean Couturier in Jets zone.
0:36 of 2nd period - Derek Roy is hit by Kyle Okposo.
1:54 of 2nd period - Magnus Paajarvi-Svensson is hit by Tyler Johnson and loses puck.
2:03 of 2nd period - Snap shot by Erik Haula.
2:03 of 2nd period - Stopped by Frederik Andersen without a rebound.
2:04 of 2nd period - Patrice Bergeron wins face-off versus Derek Roy in Rangers zone.
2:29 of 2nd period - Tyler Johnson is hit by Kyle Okposo.
3:10 of 2nd period - Snap shot by Reilly Smith.
3:10 of 2nd period - Shot Misses the Net.
3:12 of 2nd period - Snap shot by Reilly Smith.
3:12 of 2nd period - Stopped by Frederik Andersen with a rebound.
3:14 of 2nd period - Wrist shot by Derek Roy.
3:14 of 2nd period - Goal by Derek Roy - Jets : 2 - Rangers : 1.
3:15 of 2nd period - Nino Niederreiter wins face-off versus Patrice Bergeron in neutral zone.
3:26 of 2nd period - Slapshot by Erik Haula.
3:26 of 2nd period - Shot Blocked by Matt Greene.
4:23 of 2nd period - Icing by Tomas Hertl.
4:24 of 2nd period - Derek Roy wins face-off versus Tomas Hertl in Rangers zone.
5:09 of 2nd period - Noel Acciari is hit by Colten Teubert and loses puck.
5:18 of 2nd period - Wrist shot by Jason Akeson.
5:18 of 2nd period - Shot Blocked by Colten Teubert.
5:20 of 2nd period - Snap shot by Ronalds Kenins.
5:20 of 2nd period - Stopped by Frederik Andersen with a rebound.
5:36 of 2nd period - Snap shot by Tomas Hertl.
5:36 of 2nd period - Shot Misses the Net.
6:12 of 2nd period - Snap shot by Nino Niederreiter.
6:12 of 2nd period - Stopped by Frederik Andersen with a rebound.
6:39 of 2nd period - Minor Penalty to Matt Read for Hooking.
6:40 of 2nd period - Patrice Bergeron wins face-off versus Derek Stepan in Rangers zone.
6:44 of 2nd period - Slapshot by Mark Fistric.
6:44 of 2nd period - Stopped by Kari Lehtonen without a rebound.
6:45 of 2nd period - Patrice Bergeron wins face-off versus Derek Stepan in Jets zone.
7:39 of 2nd period - Colten Teubert is hit by Derek Stepan and loses puck.
8:39 of 2nd period - Penalty to Matt Read is over, Matt Read is back on ice.
8:42 of 2nd period - Mark Fistric is hit by Nino Niederreiter.
9:49 of 2nd period - Reilly Smith is hit by Gustav Nyquist and loses puck.
10:04 of 2nd period - Eric Gelinas is hit by James Neal.
10:08 of 2nd period - Brenden Morrow is hit by Mark Fistric and loses puck.
10:35 of 2nd period - Wrist shot by Noel Acciari.
10:35 of 2nd period - Shot Misses the Net.
10:40 of 2nd period - Icing by Luke Schenn.
10:41 of 2nd period - Evgeny Dadonov wins face-off versus Patrice Bergeron in Rangers zone.
10:56 of 2nd period - Evgeny Dadonov is hit by Patrice Bergeron and loses puck.
11:25 of 2nd period - Jakob Silfverberg is hit by Oscar Klefbom and loses puck.
11:34 of 2nd period - Slapshot by Milan Lucic.
11:34 of 2nd period - Shot Misses the Net.
11:36 of 2nd period - Slapshot by Luke Schenn.
11:36 of 2nd period - Deflect By Oscar Klefbom.
11:36 of 2nd period - Stopped by Kari Lehtonen without a rebound.
11:37 of 2nd period - Sean Couturier wins face-off versus Tyler Johnson in Jets zone.
11:44 of 2nd period - Wrist shot by James Neal.
11:44 of 2nd period - Deflect By Sean Couturier.
11:44 of 2nd period - Stopped by Kari Lehtonen with a rebound.
11:48 of 2nd period - Slapshot by Sean Couturier.
11:48 of 2nd period - Deflect By Nino Niederreiter.
11:48 of 2nd period - Shot Misses the Net.
11:48 of 2nd period - Puck is out of play.
11:49 of 2nd period - Tyler Johnson wins face-off versus Sean Couturier in Jets zone.
11:49 of 2nd period - Tyler Johnson is hit by Matt Greene.
11:59 of 2nd period - Snap shot by Tyler Johnson.
11:59 of 2nd period - Stopped by Frederik Andersen with a rebound.
12:20 of 2nd period - Mark Fistric is hit by Derek Roy and loses puck.
12:35 of 2nd period - Slapshot by Matt Greene.
12:35 of 2nd period - Shot Misses the Net.
12:37 of 2nd period - Wrist shot by Maxime Sauvé.
12:37 of 2nd period - Goal by Maxime Sauvé - Jets : 2 - Rangers : 2.
12:38 of 2nd period - Derek Stepan wins face-off versus Patrice Bergeron in neutral zone.
12:47 of 2nd period - Snap shot by Derek Stepan.
12:47 of 2nd period - Stopped by Frederik Andersen without a rebound.
12:48 of 2nd period - Milan Lucic wins face-off versus Derek Stepan in Rangers zone.
12:57 of 2nd period - Snap shot by Jakob Silfverberg.
12:57 of 2nd period - Goal by Jakob Silfverberg - Jets : 2 - Rangers : 3.
12:58 of 2nd period - Patrice Bergeron wins face-off versus Marcus Johansson in neutral zone.
13:14 of 2nd period - Minor Penalty to Derek Stepan for Cross-checking.
13:15 of 2nd period - Tyler Johnson wins face-off versus Jakob Silfverberg in Jets zone.
13:19 of 2nd period - Milan Lucic is hit by Tyler Myers and loses puck.
13:26 of 2nd period - Slapshot by Luke Schenn.
13:26 of 2nd period - Shot Misses the Net.
13:28 of 2nd period - Wrist shot by Jakob Silfverberg.
13:28 of 2nd period - Deflect By Tyler Myers.
13:28 of 2nd period - Shot Misses the Net.
13:28 of 2nd period - Puck is out of play.
13:29 of 2nd period - Tyler Johnson wins face-off versus Patrice Bergeron in Jets zone.
14:04 of 2nd period - Snap shot by Chris Bourque.
14:04 of 2nd period - Stopped by Kari Lehtonen without a rebound.
14:05 of 2nd period - Sean Couturier wins face-off versus Tyler Johnson in Jets zone.
14:08 of 2nd period - Snap shot by Sean Couturier.
14:08 of 2nd period - Shot Blocked by Eric Gelinas.
14:10 of 2nd period - Wrist shot by Kyle Okposo.
14:10 of 2nd period - Stopped by Kari Lehtonen without a rebound.
14:11 of 2nd period - Patrice Bergeron wins face-off versus Tyler Johnson in Jets zone.
14:20 of 2nd period - Snap shot by Milan Lucic.
14:20 of 2nd period - Goal by Milan Lucic - Jets : 2 - Rangers : 4.
14:21 of 2nd period - Tyler Johnson wins face-off versus Patrice Bergeron in neutral zone.
14:23 of 2nd period - Off-side.
14:24 of 2nd period - Tyler Johnson wins face-off versus Patrice Bergeron in neutral zone.
14:37 of 2nd period - Backhand shot by Tyler Johnson.
14:37 of 2nd period - Stopped by Frederik Andersen without a rebound.
14:38 of 2nd period - Sean Couturier wins face-off versus Derek Stepan in Rangers zone.
14:49 of 2nd period - Wrist shot by James Neal.
14:49 of 2nd period - Shot Misses the Net.
14:51 of 2nd period - Snap shot by Sean Couturier.
14:51 of 2nd period - Shot Misses the Net.
14:53 of 2nd period - Wrist shot by James Neal.
14:53 of 2nd period - Stopped by Kari Lehtonen with a rebound.
15:07 of 2nd period - Wrist shot by Milan Lucic.
15:07 of 2nd period - Stopped by Kari Lehtonen with a rebound.
15:09 of 2nd period - Slapshot by Matt Greene.
15:09 of 2nd period - Shot Blocked by Eric Gelinas.
15:11 of 2nd period - Slapshot by Milan Lucic.
15:11 of 2nd period - Stopped by Kari Lehtonen without a rebound.
15:12 of 2nd period - Sean Couturier wins face-off versus Tyler Johnson in Jets zone.
16:11 of 2nd period - Wrist shot by Derek Stepan.
16:11 of 2nd period - Shot Hit the Post.
16:13 of 2nd period - Snap shot by Derek Stepan.
16:13 of 2nd period - Stopped by Frederik Andersen with a rebound.
16:29 of 2nd period - Wrist shot by Sean Couturier.
16:29 of 2nd period - Shot Misses the Net.
16:31 of 2nd period - Wrist shot by James Neal.
16:31 of 2nd period - Shot Misses the Net.
16:33 of 2nd period - Slapshot by Matt Greene.
16:33 of 2nd period - Shot Misses the Net.
16:43 of 2nd period - Gustav Nyquist is hit by Ronalds Kenins and loses puck.
16:48 of 2nd period - Snap shot by Ronalds Kenins.
16:48 of 2nd period - Shot Blocked by Magnus Paajarvi-Svensson.
16:50 of 2nd period - Slapshot by Oscar Klefbom.
16:50 of 2nd period - Deflect By Magnus Paajarvi-Svensson.
16:50 of 2nd period - Stopped by Frederik Andersen without a rebound.
16:51 of 2nd period - Patrice Bergeron wins face-off versus Derek Stepan in Rangers zone.
16:51 of 2nd period - Patrice Bergeron is hit by Evgeny Dadonov.
17:01 of 2nd period - Slapshot by Evgeny Dadonov.
17:01 of 2nd period - Shot Blocked by Cam Barker.
17:03 of 2nd period - Slapshot by Derek Stepan.
17:03 of 2nd period - Shot Blocked by Luke Schenn.
17:05 of 2nd period - Snap shot by Marcus Johansson.
17:05 of 2nd period - Stopped by Frederik Andersen without a rebound.
17:06 of 2nd period - Tyler Johnson wins face-off versus Sean Couturier in Rangers zone.
17:19 of 2nd period - Slapshot by Erik Haula.
17:19 of 2nd period - Goal by Erik Haula - Jets : 3 - Rangers : 4.
17:20 of 2nd period - Derek Stepan wins face-off versus Patrice Bergeron in neutral zone.
17:23 of 2nd period - Luke Schenn is hit by Derek Stepan and loses puck.
17:33 of 2nd period - Minor Penalty to Evgeny Dadonov for Hooking.
17:34 of 2nd period - Tyler Johnson wins face-off versus Patrice Bergeron in Jets zone.
17:47 of 2nd period - Snap shot by Jakob Silfverberg.
17:47 of 2nd period - Goal by Jakob Silfverberg - Jets : 3 - Rangers : 5.
17:48 of 2nd period - Derek Stepan wins face-off versus Patrice Bergeron in neutral zone.
18:03 of 2nd period - Snap shot by Jakob Silfverberg.
18:03 of 2nd period - Stopped by Kari Lehtonen with a rebound.
18:15 of 2nd period - Kyle Okposo is hit by Derek Roy and loses puck.
18:22 of 2nd period - Slapshot by Derek Roy.
18:22 of 2nd period - Stopped by Frederik Andersen with a rebound.
18:44 of 2nd period - Chris Bourque is hit by Erik Haula and loses puck.
Goals for this period are 2 for Jets vs 4 for Rangers.
Shots for this period are 13 for Jets vs 15 for Rangers.
3rd period
0:01 of 3rd period - Derek Stepan wins face-off versus Patrice Bergeron in neutral zone.
0:12 of 3rd period - Slapshot by Jakob Silfverberg.
0:12 of 3rd period - Stopped by Kari Lehtonen with a rebound.
0:26 of 3rd period - Sean Couturier is hit by Tyler Myers.
0:49 of 3rd period - Snap shot by Matt Read.
0:49 of 3rd period - Stopped by Kari Lehtonen with a rebound.
0:56 of 3rd period - Icing by Marco Scandella.
0:57 of 3rd period - Patrice Bergeron wins face-off versus Derek Roy in Jets zone.
1:06 of 3rd period - Brenden Morrow is hit by Jakob Silfverberg and loses puck.
1:17 of 3rd period - Slapshot by Tyler Myers.
1:17 of 3rd period - Stopped by Frederik Andersen without a rebound.
1:18 of 3rd period - Derek Stepan wins face-off versus Sean Couturier in Rangers zone.
1:25 of 3rd period - Slapshot by Kyle Okposo.
1:25 of 3rd period - Stopped by Kari Lehtonen with a rebound.
1:27 of 3rd period - Slapshot by Kyle Okposo.
1:27 of 3rd period - Shot Misses the Net.
1:29 of 3rd period - Slapshot by Kyle Okposo.
1:29 of 3rd period - Shot Misses the Net.
1:31 of 3rd period - Slapshot by Luke Schenn.
1:31 of 3rd period - Stopped by Kari Lehtonen with a rebound.
1:33 of 3rd period - Slapshot by Luke Schenn.
1:33 of 3rd period - Stopped by Kari Lehtonen with a rebound.
3:46 of 3rd period - Tomas Hertl is hit by Marcus Johansson.
3:50 of 3rd period - Evgeny Dadonov is hit by Chris Bourque and loses puck.
4:51 of 3rd period - Wrist shot by Jakob Silfverberg.
4:51 of 3rd period - Shot Misses the Net.
5:07 of 3rd period - Marco Scandella is hit by Cam Barker and loses puck.
6:01 of 3rd period - Reilly Smith is hit by Matt Read and loses puck.
6:35 of 3rd period - Slapshot by Evgeny Dadonov.
6:35 of 3rd period - Shot Misses the Net.
6:41 of 3rd period - Wrist shot by Evgeny Dadonov.
6:41 of 3rd period - Shot Misses the Net.
6:43 of 3rd period - Slapshot by Jacob Trouba.
6:43 of 3rd period - Deflect By Marcus Johansson.
6:43 of 3rd period - Goal by Marcus Johansson - Jets : 4 - Rangers : 5.
6:44 of 3rd period - Derek Stepan wins face-off versus Jakob Silfverberg in neutral zone.
6:48 of 3rd period - Off-side.
6:49 of 3rd period - Jakob Silfverberg wins face-off versus Derek Stepan in neutral zone.
6:51 of 3rd period - Minor Penalty to Milan Lucic for High sticking.
6:52 of 3rd period - Patrice Bergeron wins face-off versus Derek Stepan in Rangers zone.
7:06 of 3rd period - Wrist shot by Derek Stepan.
7:06 of 3rd period - Shot Misses the Net.
7:57 of 3rd period - Sean Couturier is hit by Derek Stepan and loses puck.
8:51 of 3rd period - Penalty to Milan Lucic is over, Milan Lucic is back on ice.
9:07 of 3rd period - Icing by Oscar Klefbom.
9:08 of 3rd period - Maxime Sauvé wins face-off versus Noel Acciari in Jets zone.
9:27 of 3rd period - Noel Acciari is hit by Kyle Okposo and loses puck.
10:06 of 3rd period - Snap shot by Ronalds Kenins.
10:06 of 3rd period - Shot Misses the Net.
10:08 of 3rd period - Slapshot by Jacob Trouba.
10:08 of 3rd period - Deflect By Jakob Silfverberg.
10:08 of 3rd period - Stopped by Frederik Andersen without a rebound.
10:09 of 3rd period - Sean Couturier wins face-off versus Derek Stepan in Rangers zone.
10:36 of 3rd period - Tyler Myers is hit by Jakob Silfverberg and loses puck.
10:59 of 3rd period - Slapshot by Luke Schenn.
10:59 of 3rd period - Stopped by Kari Lehtonen without a rebound.
11:00 of 3rd period - Matt Read wins face-off versus Derek Roy in Jets zone.
11:03 of 3rd period - Wrist shot by Matt Read.
11:03 of 3rd period - Stopped by Kari Lehtonen with a rebound.
11:13 of 3rd period - Snap shot by Derek Roy.
11:13 of 3rd period - Shot Blocked by Matt Greene.
11:17 of 3rd period - Wrist shot by Reilly Smith.
11:17 of 3rd period - Shot Blocked by Matt Read.
11:19 of 3rd period - Wrist shot by Brenden Morrow.
11:19 of 3rd period - Stopped by Frederik Andersen without a rebound.
11:20 of 3rd period - Derek Stepan wins face-off versus Patrice Bergeron in Rangers zone.
12:17 of 3rd period - Wrist shot by Tyler Johnson.
12:17 of 3rd period - Stopped by Frederik Andersen with a rebound.
12:37 of 3rd period - Wrist shot by Marcus Johansson.
12:37 of 3rd period - Shot Misses the Net.
12:57 of 3rd period - Slapshot by Marco Scandella.
12:57 of 3rd period - Stopped by Frederik Andersen with a rebound.
12:59 of 3rd period - Minor Penalty to Luke Schenn for Slashing.
13:00 of 3rd period - Derek Stepan wins face-off versus Patrice Bergeron in Rangers zone.
13:33 of 3rd period - Maxime Sauvé is hit by Erik Haula and loses puck.
14:59 of 3rd period - Penalty to Luke Schenn is over, Luke Schenn is back on ice.
16:30 of 3rd period - Jason Akeson is hit by James Neal and loses puck.
16:39 of 3rd period - Luke Schenn is hit by Ronalds Kenins and loses puck.
17:28 of 3rd period - Milan Lucic is hit by Marco Scandella and loses puck.
18:10 of 3rd period - Marcus Johansson is hit by Colten Teubert.
18:20 of 3rd period - Colten Teubert is hit by Brenden Morrow and loses puck.
18:52 of 3rd period - Kyle Okposo is hit by Noel Acciari and loses puck.
18:55 of 3rd period - Jets, Kari Lehtonen is pulled from the net.
19:05 of 3rd period - Wrist shot by Derek Stepan.
19:05 of 3rd period - Shot Misses the Net.
19:07 of 3rd period - Slapshot by Tyler Myers.
19:07 of 3rd period - Shot Misses the Net.
19:09 of 3rd period - Snap shot by Evgeny Dadonov.
19:09 of 3rd period - Shot Misses the Net.
19:11 of 3rd period - Snap shot by Evgeny Dadonov.
19:11 of 3rd period - Stopped by Frederik Andersen with a rebound.
19:29 of 3rd period - Slapshot by Evgeny Dadonov.
19:29 of 3rd period - Stopped by Frederik Andersen without a rebound.
19:30 of 3rd period - Marc Crawford call a timeout for Jets.
19:30 of 3rd period - Matt Read wins face-off versus Evgeny Dadonov in Rangers zone.
19:30 of 3rd period - Matt Read is hit by Evgeny Dadonov.
19:52 of 3rd period - Slapshot by Kyle Okposo.
19:52 of 3rd period - Shot Blocked by Derek Stepan.
Goals for this period are 1 for Jets vs 0 for Rangers.
Shots for this period are 8 for Jets vs 7 for Rangers.
Back to the Top